[Event "*** SCC Grand Prix: Titled Tuesday Blitz"]
[Site "Chess.com"]
[Date "2020.06.02"]
[Round "10"]
[White "JesseKraai"]
[Black "Leonid_Starozhilov"]
[Result "0-1"]
[WhiteElo "2443"]
[BlackElo "2698"]
[TimeControl "180+1"]
[EndTime "11:58:16 PDT"]
[Termination "Leonid_Starozhilov won by resignation"]

1. d4 Nf6 2. c4 g6 3. Nc3 Bg7 4. e4 d6 5. Nf3 Bg4 6. Be2 O-O 7. O-O Nfd7 8. Be3 a6 9. Rc1 c5 10. d5 Bxf3 11. Bxf3 b5 12. b3 b4 13. Nb1 a5 14.
Nd2 a4 15. Bg4 axb3 16. axb3 Ra2 17. f4 Nf6 18. Bf3 Nbd7 19. g4 Qa5 20. g5 Ne8 21.
Bg4 Nb6 22. Nf3 Nc7 23. e5 Qa3 24. Rb1 Ra8 25. Bc1 Qa6 26. Re1 Nxc4 27. bxc4 Qxc4 28.
Qb3 Qxb3 29. Rxb3 Nxd5 30. Rd1 Nc3 31. Re1 Rc2 32. Bd2 Nd5 33. Rd1 c4 34. Rxb4 Rxd2 35. Rxd2 Nxb4 36. exd6 c3 37. dxe7 cxd2 38. Nxd2 Re8 0-1

[Event "*** SCC Grand Prix: Titled Tuesday Blitz"]
[Site "Chess.com"]
[Date "2020.06.02"]
[Round "10"]
[White "UCantHandleDenker"]
[Black "Trickov"]
[Result "1-0"]
[WhiteElo "2493"]
[BlackElo "2347"]
[TimeControl "180+1"]
[EndTime "11:58:16 PDT"]
[Termination "UCantHandleDenker won on time"]

1. Nf3 d5 2. g3 Nf6 3. Bg2 c6 4. O-O Bf5 5. d3 e6 6. Nbd2 Nbd7 7. Qe1 Be7 8. e4 dxe4 9. dxe4 Bg6 10. Nh4 O-O 11.
Nxg6 hxg6 12. Qe2 e5 13. h4 Nc5 14. Re1 Ne6 15. c3 Nc5 16. Nf3 Qc7 17. Ng5 Rad8 18. Be3 a5 19. a4 Ncd7 20. Qc4 Nb6 21. Qb3 Nfd7 22. Bf1 Nc5 23. Qc2 Ncd7 24. Reb1 Bc5 25. Bxc5 Nxc5 26. b4 axb4 27. cxb4 Ncd7 28. a5 Nc8 29. b5 Nd6 30. b6 Qb8 31. a6 bxa6 32.
Qxc6 Nf6 33. b7 Rd7 34. Bxa6 Rc7 35. Qb6 Ndxe4 36. Nxe4 Nxe4 37. Bf1 Nd2 38. Ra8 Rxb7 39. Rxb8 Rxb6 40. Rxf8+ Kxf8 41. Rxb6 1-0

[Event "*** SCC Grand Prix: Titled Tuesday Blitz"]
[Site "Chess.com"]
[Date "2020.06.02"]
[Round "10"]
[White "PattyCastillo"]
[Black "Klavdia_Nik"]
[Result "0-1"]
[WhiteElo "1897"]
[BlackElo "2041"]
[TimeControl "180+1"]
[EndTime "11:58:16 PDT"]
[Termination "Klavdia_Nik won by resignation"]

1. d4 Nf6 2. Nf3 c5 3. e3 b6 4. Bd3 Bb7 5. b3 g6 6. Bb2 Bg7 7. O-O O-O 8. Nbd2 d5 9. Qe2 Nc6 10. a3 Rc8 11. Rac1 e6 12. Rfd1 Qe7 13. Ne5 Nd7 14.
f4 f6 15. Nxd7 Qxd7 16. c4 Qe7 17. dxc5 bxc5 18. e4 d4 19. Nf3 e5 20. fxe5 fxe5 21. Rf1 Bh6 22. Rce1 Be3+ 23. Kh1 Rf7 24. Bc1 Bxc1 25.
Rxc1 Rcf8 26. Qd2 Kg7 27. Ng5 Rxf1+ 28. Rxf1 Rxf1+ 29. Bxf1 h6 30. Nf3 Bc8 31. h3 a5 32.
Bd3 Qf6 33. Kg1 g5 34. Nh2 h5 35. Qe2 Kh6 36. Qe1 g4 37. Nxg4+ hxg4 0-1

[Event "*** SCC Grand Prix: Titled Tuesday Blitz"]
[Site "Chess.com"]
[Date "2020.06.02"]
[Round "10"]
[White "szachuspl"]
[Black "imdvb6307"]
[Result "1-0"]
[WhiteElo "2535"]
[BlackElo "2380"]
[TimeControl "180+1"]
[EndTime "11:58:17 PDT"]
[Termination "szachuspl won on time"]

1. d4 d5 2. c4 c6 3. e3 Nf6 4. Nf3 e6 5. Nbd2 c5 6. Bd3 Nc6 7. O-O cxd4 8. exd4 Be7 9. b3 dxc4 10. Nxc4 Nxd4 11.
Nxd4 Qxd4 12. Be3 Qd8 13. Qe2 Nd5 14. Bd2 Bf6 15. Rac1 b6 16. Ne5 Bxe5 17. Qxe5 O-O 18. Rfd1 Bb7 19. Qh5 Nf6 20. Qh3 Qe7 21. Rc4 Ba6 22.
Bb4 Qb7 23. Rd4 Bxd3 24. Bxf8 Rxf8 25. R4xd3 Nd5 26. Qf3 Qe7 27. g3 Rc8 28. h4 g6 29.
Kg2 Qf6 30. Qxf6 Nxf6 31. Rd8+ Rxd8 32. Rxd8+ Kg7 33. Ra8 a5 34. Rb8 Nd5 35. Rb7 h5 36. Kf3 Kf6 37. a3 Kg7 38. Ke4 Kf6 39. Kd4 Kg7 40.
Kc4 Kf8 41. Kb5 Ke8 42. a4 e5 43. Kc4 Nf6 44. Rxb6 Ne4 45. Ra6 1-0

[Event "*** SCC Grand Prix: Titled Tuesday Blitz"]
[Site "Chess.com"]
[Date "2020.06.02"]
[Round "10"]
[White "chessbia"]
[Black "sotochess"]
[Result "1-0"]
[WhiteElo "2131"]
[BlackElo "2230"]
[TimeControl "180+1"]
[EndTime "11:58:17 PDT"]
[Termination "chessbia won on time"]

1. d4 Nf6 2. c4 g6 3. Nc3 Bg7 4. e3 O-O 5. Nf3 d6 6. Be2 b6 7. h4 Bb7 8. Bd2 Nbd7 9. Qc2 Re8 10. O-O-O e5 11. d5 e4 12. Nd4 Nc5 13. Kb1 h5 14. f3 a5 15. f4 Bc8 16. Nc6 Qd7 17. Nb5 Bb7 18. Nbd4 Ng4 19. Rdf1 Bxc6 20. dxc6 Qc8 21.
f5 Re5 22. Bxg4 hxg4 23. fxg6 fxg6 24. Bc3 Qe8 25. Nb5 Qxc6 26. Bxe5 Bxe5 27. Nd4 Qd7 28. h5 g5 29. Rf5 Bxd4 30. Rxg5+ Bg7 31. h6 Ne6 32.
Rxg4 d5 33. hxg7 Nxg7 34. Rgh4 Kf7 35. cxd5 1-0

[Event "*** SCC Grand Prix: Titled Tuesday Blitz"]
[Site "Chess.com"]
[Date "2020.06.02"]
[Round "10"]
[White "diablanni"]
[Black "ChainsOfFantasia"]
[Result "1/2-1/2"]
[WhiteElo "2343"]
[BlackElo "2469"]
[TimeControl "180+1"]
[EndTime "11:58:18 PDT"]
[Termination "Game drawn by repetition"]

1. e4 e6 2. d4 d5 3. Nc3 Nf6 4.
e5 Nfd7 5. f4 c5 6. Nf3 Nc6 7.
Be3 a6 8. Qd2 b5 9. dxc5 Bxc5 10. Bd3 Qb6 11. Bf2 Bb7 12. a3 h6 13. O-O Rd8 14. Rae1 Bxf2+ 15. Qxf2 Qxf2+ 16. Kxf2 g5 17. g3 O-O 18. Ne2 g4 19. Nfd4 Nc5 20. Nxc6 Bxc6 21.
Nd4 Bd7 22. b4 Na4 23. Ke3 Rc8 24. h3 gxh3 25. Rh1 Rc3 26. Ra1 Nb2 27. Kd2 Rfc8 28.
Rxh3 Kg7 29. g4 R3c7 30. g5 hxg5 31. Rg1 Kf8 32. Rxg5 Ke7 33. Rh7 Nc4+ 34. Bxc4 Rxc4 35. c3 Rxc3 36. Rgg7 Be8 37. f5 Rxa3 38. fxe6 Rc4 39. Rxf7+ Bxf7 40. Rxf7+ Kd8 41. Rd7+ Ke8 42. Nf5 Ra2+ 43.
Kd3 Ra3+ 44. Kd2 Ra2+ 45. Kd3 Ra3+ 46. Kd2 1/2-1/2

[Event "*** SCC Grand Prix: Titled Tuesday Blitz"]
[Site "Chess.com"]
[Date "2020.06.02"]
[Round "10"]
[White "atalz0"]
[Black "Rodchenkov_Vitalij"]
[Result "0-1"]
[WhiteElo "2301"]
[BlackElo "2432"]
[TimeControl "180+1"]
[EndTime "11:58:18 PDT"]
[Termination "Rodchenkov_Vitalij won on time"]

1. d4 d5 2. c4 c6 3. cxd5 cxd5 4. Bf4 Nc6 5. e3 Bf5 6. Qb3 Qd7 7. Nc3 e6 8. Nf3 Bd6 9. Ne5 Bxe5 10. Bxe5 Nf6 11.
Bxf6 gxf6 12. Be2 Bg6 13. O-O h5 14. Rfc1 Rc8 15. Na4 Qe7 16. Bb5 h4 17. Nc5 O-O 18. Qa4 a6 19. Nxa6 Ra8 20. Rxc6 bxc6 21. Bxc6 Ra7 22.
b4 Rc8 23. b5 Qd8 24. Rc1 Qb6 25. h3 Bd3 26. Qd1 Bxb5 27. Qg4+ Kf8 28. Qxh4 Bxa6 29.
Qxf6 Rxc6 30. Qh8+ Ke7 31. Qh4+ Kd7 32. Rd1 Rac7 33. Qf6 Kc8 34. Qh8+ Kb7 35. Kh2 Rc1 36. Rd2 Qb1 0-1

[Event "*** SCC Grand Prix: Titled Tuesday Blitz"]
[Site "Chess.com"]
[Date "2020.06.02"]
[Round "10"]
[White "Charlottemillard17"]
[Black "PawnEatingZombie"]
[Result "1/2-1/2"]
[WhiteElo "1518"]
[BlackElo "2195"]
[TimeControl "180+1"]
[EndTime "11:58:18 PDT"]
[Termination "Game drawn by repetition"]

1. e4 c6 2. d4 d5 3. e5 Bf5 4. f4 e6 5. Nf3 h5 6. Nc3 Nh6 7. h3 h4 8. Be3 Be7 9. Bd3 Bxd3 10.
Qxd3 Nf5 11. O-O-O Nd7 12. a3 Qa5 13. Bd2 Qc7 14. Rhg1 a6 15. g4 hxg3 16. Ng5 Bxg5 17. fxg5 Rxh3 18. Ne2 O-O-O 19. Nxg3 Rdh8 20. Bf4 g6 21.
Qf1 Nxg3 22. Rxg3 Rxg3 23. Bxg3 c5 24. Qxf7 Rh3 25. Bf4 cxd4 26. Qxe6 Kb8 27. Qxh3 Qc4 28. Qxd7 Ka7 29. e6 Qa2 30. Kd2 Qxb2 31. e7 Qc3+ 32. Kc1 Qa1+ 33. Kd2 Qc3+ 34. Kc1 Qa1+ 35. Kd2 Qc3+ 1/2-1/2

[Event "*** SCC Grand Prix: Titled Tuesday Blitz"]
[Site "Chess.com"]
[Date "2020.06.02"]
[Round "10"]
[White "manitodeplomo"]
[Black "Igor_Lysyj"]
[Result "0-1"]
[WhiteElo "2615"]
[BlackElo "2762"]
[TimeControl "180+1"]
[EndTime "11:58:20 PDT"]
[Termination "Igor_Lysyj won on time"]

1. c4 e6 2. g3 d5 3. Bg2 Nf6 4. Nf3 Be7 5. O-O O-O 6. b3 b6 7. Bb2 Bb7 8. e3 c5 9. Qe2 Nc6 10. cxd5 Nxd5 11. Rd1 Qc7 12. Nc3 Nxc3 13. dxc3 Rad8 14.
h4 Bf6 15. c4 Bxb2 16. Qxb2 h6 17. Qc3 a5 18. a3 Rxd1+ 19. Rxd1 Rd8 20. Rxd8+ Qxd8 21. Qd2 Qc7 22. Qc3 Ba6 23. Nd2 Ne5 24. Nf3 Nxf3+ 25.
Bxf3 Qd6 26. Kf1 f6 27. Ke1 Kf7 28. Be4 Ke7 29. Bf3 Qd7 30. Qd2 a4 31. Qxd7+ Kxd7 32. Bd1 g5 33. hxg5 fxg5 34. Kd2 axb3 35. Bxb3 h5 36. Kc3 h4 37. gxh4 gxh4 38. Bd1 h3 39. Bf3 h2 40. Bg2 e5 41. f4 exf4 42. exf4 Kc7 43.
f5 Kd6 0-1

[Event "*** SCC Grand Prix: Titled Tuesday Blitz"]
[Site "Chess.com"]
[Date "2020.06.02"]
[Round "10"]
[White "themind1hunter"]
[Black "Indianlad"]
[Result "0-1"]
[WhiteElo "2550"]
[BlackElo "3012"]
[TimeControl "180+1"]
[EndTime "11:58:21 PDT"]
[Termination "Indianlad won on time"]

1. e4 c5 2. Nf3 d6 3. d4 cxd4 4.
Nxd4 Nf6 5. Nc3 a6 6. Be3 e5 7. Nb3 Be6 8. Qd2 Nbd7 9. O-O-O Rc8 10. f4 b5 11. Kb1 h5 12. h3 Be7 13. Bd3 Nb6 14.
Bxb6 Qxb6 15. Nd5 Bxd5 16. exd5 e4 17. Be2 h4 18. Nd4 Rc5 19. g4 hxg3 20. Qe3 Rxd5 21. c3 b4 22. c4 Rc5 23. Qxg3 g6 24. f5 Rg8 25. fxg6 Rxg6 26. Qf4 Re5 27. Nf5 Rg2 28. Nxe7 Kxe7 29. Rhf1 Rg6 30. h4 Re6 31. h5 Rg2 32. Rd2 Qc5 33. h6 e3 34. h7 exd2 35. h8=Q Rgxe2 36. Rd1 Rf2 0-1

[Event "*** SCC Grand Prix: Titled Tuesday Blitz"]
[Site "Chess.com"]
[Date "2020.06.02"]
[Round "10"]
[White "OhanyanEminChess"]
[Black "Ginger_GM"]
[Result "1-0"]
[WhiteElo "2459"]
[BlackElo "2583"]
[TimeControl "180+1"]
[EndTime "11:58:21 PDT"]
[Termination "OhanyanEminChess won by checkmate"]

1. e4 c5 2. Nf3 d6 3. d4 cxd4 4. Nxd4 Nf6 5. Nc3 g6 6. Be3 a6 7.
f3 b5 8. Qd2 Bb7 9. O-O-O Nbd7 10. g4 Nb6 11. h4 h5 12. g5 Nfd7 13. a3 Rc8 14. Kb1 Bg7 15. Qf2 Rxc3 16. bxc3 Qc7 17.
Bc1 Na4 18. Bb2 Ndb6 19. Rd3 O-O 20. Be2 Rc8 21. Rhd1 Nxb2 22. Kxb2 Na4+ 23. Kc1 Nxc3 24. Re1 Qc5 25. Rf1 Qxa3+ 26. Kd2 Bxe4 27. fxe4 Nxe4+ 28. Ke3 Bxd4+ 29. Kxe4 d5+ 30. Kxd4 Qc5+ 31. Ke5 Qd6+ 32.
Kd4 Qb4+ 33. Ke3 Rxc2 34. Qxf7+ Kh8 35. Qf8+ Kh7 36. Rf7# 1-0

[Event "*** SCC Grand Prix: Titled Tuesday Blitz"]
[Site "Chess.com"]
[Date "2020.06.02"]
[Round "10"]
[White "Nafania1"]
[Black "MacDaddyMac"]
[Result "1-0"]
[WhiteElo "2432"]
[BlackElo "2273"]
[TimeControl "180+1"]
[EndTime "11:58:21 PDT"]
[Termination "Nafania1 won by checkmate"]

1. e4 e6 2. d4 d5 3. e5 c5 4. c3 Nc6 5. Nf3 Bd7 6. Be2 h6 7. O-O g5 8. Be3 Nge7 9. dxc5 Nf5 10. Bd4 Bg7 11. Bd3 g4 12. Bxf5 exf5 13. Ne1 Be6 14.
Nd3 Qc7 15. Qe2 a6 16. b4 h5 17. Nd2 h4 18. f4 h3 19. g3 O-O 20. a4 Rfc8 21.
Rfc1 Bf8 22. Nf1 Qd7 23. Ne3 Nxd4 24. cxd4 Rcb8 25. Qc2 Rc8 26. Qb2 Rab8 27. b5 axb5 28. axb5 Ra8 29. b6 Be7 30. Qb4 Kg7 31. Nb2 Qe8 32.
Ra4 Rxa4 33. Nxa4 Ra8 34. Nc3 Qc6 35. Qb5 Bd8 36. Qxc6 bxc6 37. Rc2 f6 38. Ra2 Rxa2 39. Nxa2 fxe5 40. fxe5 Bc8 41. Nb4 Bd7 42. b7 Ba5 43.
b8=Q Bxb4 44. Qxb4 f4 45. gxf4 Bf5 46. Nxf5+ Kg6 47.
Ng3 Kf7 48. Qb7+ Ke8 49. e6 Kd8 50. Qd7# 1-0

[Event "*** SCC Grand Prix: Titled Tuesday Blitz"]
[Site "Chess.com"]
[Date "2020.06.02"]
[Round "10"]
[White "cukus"]
[Black "alexsergeyev"]
[Result "0-1"]
[WhiteElo "2468"]
[BlackElo "2338"]
[TimeControl "180+1"]
[EndTime "11:58:22 PDT"]
[Termination "alexsergeyev won by resignation"]

1. e4 e5 2. Nf3 Nf6 3. Nxe5 d6 4. Nf3 Nxe4 5. Nc3 Nxc3 6. dxc3 Nd7 7. Be3 Be7 8. Qd2 Ne5 9. Be2 c6 10. O-O-O Qa5 11.
Kb1 Be6 12. b3 Nxf3 13. Bxf3 O-O-O 14. Bd4 Bg5 15. Qe2 Rhe8 16. Qd3 Bf5 17. Qf1 Bxc2+ 18. Kxc2 Qxa2+ 19. Kd3 c5 20. Bxg7 d5 21. g3 c4+ 22.
Kd4 Qa6 23. Qh3+ Re6 24. Qxe6+ fxe6 25. bxc4 Qxc4+ 26. Ke5 Qxc3+ 27. Kxe6 Qxg7 28. Kf5 Rf8+ 29. Kg4 Bd8+ 30. Kh3 Rxf3 31. Kg2 Qf6 32. Rd2 Bb6 33. Rf1 d4 34. Rc2+ Kb8 35. Re1 a5 36. Ra2 d3 37.
Rf1 a4 38. Rd2 a3 39. Kh3 Bxf2 40. Kg2 b5 41. Ra2 b4 42. g4 Qf4 0-1

[Event "*** SCC Grand Prix: Titled Tuesday Blitz"]
[Site "Chess.com"]
[Date "2020.06.02"]
[Round "10"]
[White "Xeniya2005"]
[Black "albano87"]
[Result "1-0"]
[WhiteElo "2312"]
[BlackElo "2404"]
[TimeControl "180+1"]
[EndTime "11:58:22 PDT"]
[Termination "Xeniya2005 won by resignation"]

1. e4 g6 2. d4 Bg7 3. Be3 d6 4. f3 c6 5. a4 a5 6. c3 Nf6 7. Nd2 Qc7 8. Bd3 Na6 9. Ne2 O-O 10. O-O e5 11. Qc2 Be6 12. h3 Rfd8 13. f4 exf4 14.
Nxf4 Rac8 15. Rae1 c5 16. d5 Bd7 17. Bxa6 bxa6 18.
Nc4 Be8 19. Bf2 g5 20. Nd3 Nd7 21. Bg3 Ne5 22. Bxe5 dxe5 23. Nf2 f6 24. Ng4 Qf7 25. Ngxe5 Qe7 26. Ng4 h5 27. Nge3 Bg6 28. Nf5 Bxf5 29. Rxf5 Re8 30. Qf2 Rcd8 31. Nxa5 Qd7 32. Nc6 Rc8 33.
c4 Kh7 34. Rf1 Rf8 35. Qf3 Kg6 36. g4 h4 37. Qe2 Qd6 38. R1f3 Qg3+ 39. Rxg3 hxg3 40.
e5 fxe5 41. Ne7+ Kh7 42. Nxc8 Rxc8 43. Rxe5 1-0

[Event "*** SCC Grand Prix: Titled Tuesday Blitz"]
[Site "Chess.com"]
[Date "2020.06.02"]
[Round "10"]
[White "chito89"]
[Black "Arkady_Gitelson"]
[Result "0-1"]
[WhiteElo "2774"]
[BlackElo "2514"]
[TimeControl "180+1"]
[EndTime "11:58:23 PDT"]
[Termination "Arkady_Gitelson won on time"]

1. e4 c5 2. Nf3 Nc6 3. d4 cxd4 4. Nxd4 e5 5. Nb5 d6 6. c4 Be7 7. N1c3 a6 8. Na3 f5 9. exf5 Bxf5 10. Bd3 Be6 11. Nc2 Nf6 12. Ne3 Qd7 13. Ncd5 Bd8 14.
O-O O-O 15. Nxf6+ Bxf6 16. Be4 Nd4 17. Bd5 Bg5 18. Qd3 Bxd5 19. Nxd5 Bxc1 20. Raxc1 Qg4 21. Kh1 Rae8 22. f3 Qh4 23. Rce1 Re6 24. Re4 Qg5 25. f4 Qf5 26. Kg1 Nc6 27. Qe3 Rg6 28. Rf3 Qd7 29.
fxe5 Nxe5 30. Rxf8+ Kxf8 31. c5 Nf7 32. Re7 Qc8 0-1

[Event "*** SCC Grand Prix: Titled Tuesday Blitz"]
[Site "Chess.com"]
[Date "2020.06.02"]
[Round "10"]
[White "CrazyMartian"]
[Black "Larina_Marija"]
[Result "1-0"]
[WhiteElo "2290"]
[BlackElo "2124"]
[TimeControl "180+1"]
[EndTime "11:58:23 PDT"]
[Termination "CrazyMartian won on time"]

1. d4 f5 2. Nc3 Nf6 3. Bg5 d5 4. Bxf6 exf6 5. e3 Be6 6. Bd3 Qd7 7. a3 g6 8. Qf3 Nc6 9. Nge2 O-O-O 10. Nf4 Bf7 11.
h4 h5 12. Bb5 Qd6 13. Nd3 a6 14. Bxc6 Qxc6 15. O-O Kb8 16. Nb4 Qd7 17. Nd3 g5 18. b4 Rg8 19. Nc5 Bxc5 20. bxc5 gxh4 21. Rab1 c6 22. Rb6 Ka7 23. Rfb1 Rb8 24. Ne2 Be6 25. Nf4 Rg4 26. Kh2 Qc7 27. Kh1 Qd7 28. Nxh5 Qf7 29.
Nf4 Bc8 30. Kg1 Qg7 31. Kf1 Qg5 32. Ke2 Qg7 33. Kd2 Qe7 34. Kc3 Qe4 35. Qxe4 fxe4 36. Rh1 Bd7 37. Rh2 Rh8 38. Rb1 Bc8 39. Rbh1 Rh7 40.
Kd2 Rh6 41. a4 1-0

[Event "*** SCC Grand Prix: Titled Tuesday Blitz"]
[Site "Chess.com"]
[Date "2020.06.02"]
[Round "10"]
[White "StockholmMissile"]
[Black "AcostaPablo"]
[Result "1-0"]
[WhiteElo "2459"]
[BlackElo "2581"]
[TimeControl "180+1"]
[EndTime "11:58:25 PDT"]
[Termination "StockholmMissile won by resignation"]

1. d4 Nf6 2. c4 g6 3. Nc3 Bg7 4. e4 d6 5. h3 O-O 6. Be3 e5 7. d5 a5 8. g4 Na6 9. Nge2 Nc5 10. Ng3 c6 11. Be2 a4 12. Qd2 Qa5 13. Rc1 cxd5 14.
exd5 Bd7 15. g5 Ne8 16. Nge4 Nxe4 17. Nxe4 Bf5 18. Qxa5 Rxa5 19. Ng3 f6 20. h4 fxg5 21. hxg5 e4 22. Bd2 Rc5 23. Bc3 Nc7 24. Bxg7 Kxg7 25.
O-O Rc8 26. b4 axb3 27. axb3 Ra5 28. Rfd1 Na6 29. Ra1 Rcc5 30. b4 Nxb4 31. Rxa5 Rxa5 32. Rb1 Nc2 33. Rxb7+ Kg8 34. Rb6 Nd4 35. Rxd6 Ra2 36. Bf1 Nf3+ 37. Kg2 Ne1+ 38. Kg1 e3 39. Be2 Nf3+ 40.
Bxf3 exf2+ 41. Kf1 Bh3+ 42. Bg2 Bf5 43. Nxf5 gxf5 44. c5 1-0

[Event "*** SCC Grand Prix: Titled Tuesday Blitz"]
[Site "Chess.com"]
[Date "2020.06.02"]
[Round "10"]
[White "51616516516"]
[Black "quesfr"]
[Result "0-1"]
[WhiteElo "2350"]
[BlackElo "2255"]
[TimeControl "180+1"]
[EndTime "11:58:25 PDT"]
[Termination "quesfr won on time"]

1. Nf3 Nf6 2. c4 e6 3. d4 d5 4.
Nc3 c5 5. cxd5 exd5 6. g3 Nc6 7.
Bg2 cxd4 8. Nxd4 Bc5 9. Nb3 Bb6 10. O-O d4 11. Na4 O-O 12. h3 Re8 13. g4 Be6 14.
Nbc5 Bd5 15. Nxb7 Qe7 16. Nbc5 Bxg2 17. Kxg2 Bxc5 18. Qc2 d3 19. exd3 Nd4 20. Qxc5 Qb7+ 21. f3 Re2+ 22. Kg3 Rd8 23. Bg5 Qb8+ 24. Bf4 Qb7 25. Nc3 Ne6 26. Qb5 Qe7 27. Nxe2 Nd5 28.
Qb3 Ndxf4 29. Nxf4 Qd6 30. Qa4 g5 31. Rfe1 Nxf4 32. Kf2 Nxh3+ 33. Kg2 Nf4+ 34. Kg1 Qh6 0-1

[Event "*** SCC Grand Prix: Titled Tuesday Blitz"]
[Site "Chess.com"]
[Date "2020.06.02"]
[Round "10"]
[White "Zq1"]
[Black "Alexander_Donchenko"]
[Result "0-1"]
[WhiteElo "2549"]
[BlackElo "2698"]
[TimeControl "180+1"]
[EndTime "11:58:26 PDT"]
[Termination "Alexander_Donchenko won by resignation"]

1. d4 Nf6 2. c4 e6 3. Nc3 c5 4. d5 exd5 5. cxd5 d6 6. e4 g6 7. f4 Bg7 8. Bb5+ Nfd7 9. a4 O-O 10. Nf3 Na6 11. O-O Nb4 12. Bd2 a6 13. Bc4 Re8 14. Be1 Rb8 15. Bh4 Bf6 16. Bxf6 Qxf6 17. Qd2 Qg7 18.
Rae1 b6 19. e5 dxe5 20. Ne4 exf4 21. Qxf4 Rf8 22. Nd6 b5 23. axb5 axb5 24. Nxb5 Ba6 25. Nd6 Bxc4 26. Nxc4 Nxd5 27. Qd6 N5b6 28. Re7 Nxc4 29.
Qxd7 Rxb2 30. Ng5 Ne5 31. Qc7 Re2 32. Ne6 Qh6 33. Rexf7 Nxf7 34. Nxf8 Qe3+ 35. Kh1 Qf2 36. Rg1 Re1 0-1

[Event "*** SCC Grand Prix: Titled Tuesday Blitz"]
[Site "Chess.com"]
[Date "2020.06.02"]
[Round "10"]
[White "Unknown_IM"]
[Black "Roza_Idrisova"]
[Result "0-1"]
[WhiteElo "2462"]
[BlackElo "2187"]
[TimeControl "180+1"]
[EndTime "11:58:27 PDT"]
[Termination "Roza_Idrisova won by resignation"]

1. c4 c6 2. d4 d5 3. Nf3 Nf6 4. Nc3 a6 5. c5 Bf5 6. Bf4 Nbd7 7. e3 h6 8. Qb3 Qc8 9. Be2 g5 10.
Bg3 Bg7 11. O-O O-O 12. a3 Re8 13. Qd1 Ne4 14. Nxe4 Bxe4 15. Nd2 Bg6 16. Bg4 Qd8 17. Qb3 f5 18. Be2 Qc8 19. h3 e5 20. Rfe1 exd4 21.
exd4 Bxd4 22. Rac1 Nxc5 23. Qb4 Ne6 24. Bf3 Bg7 25. Bxd5 f4 26. Bh2 Qd7 27. Bxe6+ Rxe6 28. Rxe6 Qxe6 29. Qxb7 Rd8 30. Nf3 Be4 31. Re1 Qd5 32. Qxa6 Bxf3 33. gxf3 Qxf3 34. Qe2 Qxe2 35. Rxe2 Rd1+ 36. Kg2 Rb1 37. f3 Bxb2 38. a4 Bd4 39. Rd2 c5 40. h4 Ra1 41. hxg5 hxg5 42. Kh3 Kf7 43. Kg4 Kg6 44. Re2 Rxa4 45. Re6+ Bf6 46.
Bg1 Rc4 47. Rc6 Rc2 48. Bxc5 Rg2+ 49. Kh3 Rg3+ 50. Kh2 Kf5 51. Bf2 Rxf3 52. Kg2 Rd3 53. Rc5+ Kg4 54. Rc6 Bb2 55. Rb6 Rd2 56. Kf1 Rxf2+ 57.
Kxf2 0-1

[Event "*** SCC Grand Prix: Titled Tuesday Blitz"]
[Site "Chess.com"]
[Date "2020.06.02"]
[Round "10"]
[White "Gandrade2"]
[Black "Zmof"]
[Result "0-1"]
[WhiteElo "2012"]
[BlackElo "2215"]
[TimeControl "180+1"]
[EndTime "11:58:27 PDT"]
[Termination "Zmof won on time"]

1. d4 Nf6 2. c4 e6 3. Nc3 Bb4 4.
f3 c5 5. a3 cxd4 6. axb4 dxc3 7. bxc3 d5 8. e3 Kf8 9. Nh3 Nc6 10. Be2 e5 11. Nf2 Be6 12. c5 h5 13. Nd3 Qc7 14. Kf2 h4 15. Bb2 e4 16. Nf4 Ne5 17. Qc2 h3 18. g3 exf3 19. Bxf3 Nfg4+ 20. Ke2 Nxf3 21. Kxf3 Ne5+ 22. Kf2 Nc4 23. Rhe1 Rh6 24. Kg1 a6 25. e4 Ne5 26. Re2 Re8 27. exd5 Bxd5 28. Nxd5 Nf3+ 29. Kf2 Qc6 30. Rxe8+ Kxe8 31. Qe2+ Re6 32. Qxf3 Re5 33. Rd1 g6 34. Kg1 Rf5 35.
Qe3+ Kf8 36. Qe7+ Kg8 37. Qd8+ Kh7 38. Qh4+ Rh5 39. Qf4 Rf5 0-1

[Event "*** SCC Grand Prix: Titled Tuesday Blitz"]
[Site "Chess.com"]
[Date "2020.06.02"]
[Round "10"]
[White "hanzo_hasashi1"]
[Black "Parhamov"]
[Result "1/2-1/2"]
[WhiteElo "2865"]
[BlackElo "3080"]
[TimeControl "180+1"]
[EndTime "11:58:29 PDT"]
[Termination "Game drawn by agreement"]

1. d4 Nf6 2. c4 e6 3. Nf3 d5 4.
g3 Be7 5. Bg2 O-O 6. O-O Nbd7 7.
Qc2 c6 8. Nbd2 b6 9. e4 dxc4 10. Nxc4 Bb7 11. Nfe5 c5 12. Rd1 cxd4 13. Rxd4 Qc7 14.
Nxd7 Nxd7 15. Bf4 e5 16. Rad1 Rad8 17. Bh3 Bc8 18. Bxd7 exf4 19. Bxc8 Rxd4 20. Rxd4 Rxc8 21. Qd3 b5 22. Rd7 Qxc4 23. Qxc4 Rxc4 24. Rxe7 Kf8 25. Rxa7 f3 26. h3 Rc1+ 27. Kh2 Rc2 28. g4 Rxf2+ 29. Kg3 Rxb2 30. Kxf3 g5 31. e5 h6 32. Ke4 Rh2 33. Ra8+ Kg7 34. Ra7 Kg6 35. Ra6+ Kg7 36. Ra7 Rh1 37.
Kf5 Rxh3 38. e6 Rf3+ 39. Ke4 Rf1 40. e7 f5+ 41. Kd5 Kf7 42. e8=Q+ Kxe8 43. Ke6 Re1+ 44. Kxf5 Kf8 45. Rb7 Rf1+ 46. Kg6 Rg1 47. Rxb5 Rxg4 48. Kxh6 Ra4 49. Kxg5 Rxa2 50. Kf5 Rf2+ 51. Ke5 Rh2 52. Rb7 Rh5+ 53. Kf6 Rh6+ 54. Kf5 1/2-1/2

[Event "*** SCC Grand Prix: Titled Tuesday Blitz"]
[Site "Chess.com"]
[Date "2020.06.02"]
[Round "10"]
[White "Abund"]
[Black "kuba2006"]
[Result "1-0"]
[WhiteElo "2589"]
[BlackElo "2409"]
[TimeControl "180+1"]
[EndTime "11:58:29 PDT"]
[Termination "Abund won on time"]

1. d4 Nf6 2. c4 d6 3. Nc3 Nbd7 4. e4 e5 5. Nf3 g6 6. Be2 Bg7 7. O-O O-O 8. Qc2 c6 9. d5 c5 10. a3 Ne8 11. b4 b6 12. Rb1 f5 13. Ng5 Ndf6 14. f4 h6 15. Ne6 Bxe6 16. dxe6 fxe4 17. Nxe4 Qe7 18. Bf3 Rd8 19. Nxf6+ Rxf6 20. Bd5 Nc7 21. Bb2 Nxe6 22. fxe5 dxe5 23. Rxf6 Qxf6 24. Rf1 Qe7 25. Qxg6 Rxd5 26. cxd5 Nf4 27. Qe4 Qd6 28. bxc5 Qxc5+ 29. Kh1 Qxd5 30. Qxd5+ Nxd5 31. Rd1 Ne3 32. Rd7 Nc4 33.
Bc1 a5 34. a4 e4 35. Re7 e3 36. Bxe3 Bf6 37. Re4 1-0

[Event "*** SCC Grand Prix: Titled Tuesday Blitz"]
[Site "Chess.com"]
[Date "2020.06.02"]
[Round "10"]
[White "Sweafty"]
[Black "GMaka"]
[Result "1/2-1/2"]
[WhiteElo "2494"]
[BlackElo "2366"]
[TimeControl "180+1"]
[EndTime "11:58:30 PDT"]
[Termination "Game drawn by repetition"]

1. Nf3 c6 2. c4 d6 3. d4 Nf6 4.
Nc3 g6 5. g3 Bg7 6. Bg2 O-O 7.
O-O Bf5 8. b3 Ne4 9. Bb2 Nxc3 10. Bxc3 c5 11. Qd2 Nc6 12. d5 Ne5 13. Nxe5 dxe5 14. Rad1 Qd6 15. e4 Bg4 16. f3 Bd7 17. f4 Bg4 18. Bf3 Bxf3 19. Rxf3 f5 20. exf5 Rxf5 21.
fxe5 Bxe5 22. Rxf5 Bxc3 23. Qxc3 gxf5 24. Re1 Rf8 25.
Re6 Qc7 26. Qe3 Rf7 27. Qg5+ Kf8 28. Qh6+ Kg8 29. Qf4 Qxf4 30. gxf4 Kf8 31. Re5 Ke8 32. Kf2 Kd7 33. Kf3 b6 34. Re6 Rg7 35. Rh6 Rg1 36.
Rxh7 Rf1+ 37. Kg3 Ra1 38. Kh4 Rxa2 39. Kg5 Rb2 40. Rh3 a5 41. Kxf5 Rg2 42. Rh7 Rb2 43. Rh3 Rg2 44. Ke4 Re2+ 45. Kf5 Rg2 1/2-1/2

[Event "*** SCC Grand Prix: Titled Tuesday Blitz"]
[Site "Chess.com"]
[Date "2020.06.02"]
[Round "10"]
[White "timedothwasteme"]
[Black "Stronger1799"]
[Result "0-1"]
[WhiteElo "2147"]
[BlackElo "2320"]
[TimeControl "180+1"]
[EndTime "11:58:30 PDT"]
[Termination "Stronger1799 won by resignation"]

1. e4 c5 2. Nf3 e6 3. d4 cxd4 4.
Nxd4 Nf6 5. Nc3 d6 6. Be2 Be7 7. O-O O-O 8. Be3 Nc6 9. f4 a6 10. a4 Re8 11. Kh1 Rb8 12. Nb3 b6 13. Bf3 Qc7 14.
g4 Na5 15. Nxa5 bxa5 16. Rb1 Rb4 17. g5 Nd7 18. Bg2 Bb7 19. f5 exf5 20. Nd5 Bxd5 21.
Qxd5 Ne5 22. Rxf5 Qxc2 23. Rbf1 Rxb2 24. R5f2 Qb3 25. Rxb2 Qxb2 26. Bd4 Qd2 27. Rf2 Qd1+ 28. Rf1 Qd3 29. Bxe5 Qxd5 30. exd5 dxe5 31. Rd1 Bxg5 32.
d6 Bd8 33. Bb7 f5 34. Bxa6 e4 35. Rd5 g6 36. Rxa5 Bxa5 0-1